 Dungeon Crawl Stone Soup version 0.30-a0-1085-g990a428a5c (webtiles) character file.

Game seed: 8478679230340175199

78 dracfodder the Digger (level 4, -2/24 HPs)
             Began as a Gargoyle Earth Elementalist on Apr 16, 2023.
             Killed by nerve-wracking pain
             ... invoked by a shadow imp
              (5 damage)
             ... on level 3 of the Dungeon.
             The game lasted 00:06:47 (1808 turns).

dracfodder the Digger (Gargoyle Earth Elementalist) Turns: 1808, Time: 00:06:47

Health: -2/24      AC:  5    Str: 12    XL:     4   Next: 36%
Magic:  4/7        EV: 12    Int: 17    God:
Gold:   91         SH:  0    Dex: 10    Spells: 2/8 levels left

rFire   . . .      SeeInvis .    g - +0 sling
rCold   . . .      Faith    .    (no shield)
rNeg    + . .      Spirit   .    a - +0 robe
rPois   ∞          Reflect  .    (no helmet)
rElec   +          Rampage  .    (no cloak)
rCorr   .                        (no gloves)
Will    .....                    (no boots)
Stlth   ++                       (no amulet)
HPRegen 0.24/turn                (no ring)
MPRegen 0.10/turn                (no ring)

@: no status effects
A: sickness immunity, AC +3, negative energy resistance 1, electricity
resistance, torment resistance 1, petrification resistance
a: no special abilities


You were on level 3 of the Dungeon.
You visited 1 branch of the dungeon, and saw 3 of its levels.

You collected 91 gold pieces.

Inventory:

Hand Weapons
 f - a +0 dagger
 g - a +0 sling (weapon)
Armour
 a - a +0 robe (worn)
Jewellery
 e - a ring of magical power
Scrolls
 h - a scroll of magic mapping {unknown}
 i - a scroll of identify
Potions
 b - 2 potions of magic
 c - 2 potions of heal wounds {unknown}
 d - a potion of attraction {unknown}
 j - a potion of flight
 k - a potion of brilliance


   Skills:
 + Level 0.6 Fighting
 + Level 1.8 Ranged Weapons
 + Level 1.6 Dodging
 + Level 2.2 Stealth
 + Level 2.5 Spellcasting
 + Level 0.7 Transmutations
 + Level 4.8 Earth Magic


You had 2 spell levels left.
You knew the following spells:

 Your Spells              Type           Power      Damage    Failure   Level
a - Sandblast             Erth           36%        2d10      2%          1
b - Passwall              Tmut/Erth      9%         N/A       9%          2
c - Stone Arrow           Conj/Erth      20%        3d8       21%         3

Your spell library contained the following spells:

 Spells                   Type           Power      Damage    Failure   Level
 Petrify                  Tmut/Erth      11%        N/A       50%         4


Dungeon Overview and Level Annotations

Branches:
Dungeon (3/15)

Altars:


Innate Abilities, Weirdness & Mutations

You are immune to sickness and miasma.
Your stone body is resilient. (AC +3)
You are immune to poison.
You resist negative energy. (rN+)
You are resistant to electric shocks. (rElec)
You are resistant to unholy torment.
You are immune to petrification.


Message History

A gnoll comes into view. It is wielding a +0 halberd.
You shoot a sling bullet.
The sling bullet hits the gnoll but does no damage.
The gnoll is lightly wounded.
A shadow imp comes into view.
You shoot a sling bullet.
The sling bullet barely misses the gnoll.
The shadow imp shouts, "Slither hence, thou rank tickle-brained bladder!"
A gnoll comes into view. It is wielding a +0 whip.
A kobold comes into view. It is wielding a +0 dagger.
Aiming: Sandblast (safe; 2% risk of failure)
Press: ? - help, Q - select action, (/) - cycle Shift-Dir - straight line, f/p - gnoll
Aim: a gnoll, wielding a +0 whip (lightly wounded, 84% to hit)
The blast of sand misses the gnoll.
Aiming: Sandblast (safe; 2% risk of failure)
Press: ? - help, Q - select action, (/) - cycle Shift-Dir - straight line, f/p - gnoll
Aim: a gnoll, wielding a +0 whip (lightly wounded, 84% to hit)
The blast of sand hits the gnoll but does no damage.
The gnoll is lightly wounded.
The gnoll hits you from afar with a +0 halberd.
The shadow imp laughs crazily.
The gnoll attacks as you move away! The gnoll hits you with a +0 whip.
The gnoll attacks as you move away! The gnoll hits you with a +0 whip!
* * * LOW HITPOINT WARNING * * *
Aiming: Sandblast (safe; 2% risk of failure)
Press: ? - help, Q - select action, (/) - cycle Shift-Dir - straight line, f/p - gnoll
Aim: a gnoll, wielding a +0 whip (lightly wounded, 84% to hit)
The blast of sand hits the gnoll!
The gnoll is almost dead.
The gnoll barely misses you. The gnoll hits you but does no damage.
Aiming: Sandblast (safe; 2% risk of failure)
Press: ? - help, Q - select action, (/) - cycle Shift-Dir - straight line, f/p - gnoll
Aim: a gnoll, wielding a +0 whip (almost dead, 84% to hit)
The blast of sand hits the gnoll!
You kill the gnoll!
The gnoll hits you from afar with a +0 halberd.
* * * LOW HITPOINT WARNING * * *
The shadow imp gestures at you. Pain shoots through your body!
You die...

g...... ... ......> ###
#.# .......
...#######.#######.......
...........##....).!.#..
...........##............
...........##............
...........#5...........
####....#.@)g..†........
#<##.#.....#...........#
#..)....#..............#
#.##.#.....#...........#
#.##...................
#.###..####...........
#(# ##.# #.......### #.#
#.# #.....### #.# #.#
....


You could see a gnoll and a shadow imp.

Vanquished Creatures
  A gnoll (D:3)
  2 adders (D:2)
  2 worms (D:2)
  3 dart slugs (D:1)
  9 ball pythons
  6 endoplasms
  4 giant cockroaches
  3 goblins
  3 hobgoblins
  6 bats
  3 frilled lizards (D:1)
  4 kobolds
  4 rats
50 creatures vanquished.

Notes
Turn   | Place    | Note
-------+----------+-------------------------------------------
     0 | D:1      | dracfodder the Gargoyle Earth Elementalist began the quest
                  | for the Orb.
     0 | D:1      | Reached XP level 1. HP: 10/10 MP: 3/3
    86 | D:1      | Reached skill level 4 in Earth Magic
   146 | D:1      | Reached XP level 2. HP: 14/15 MP: 5/5
   218 | D:1      | Learned a level 2 spell: Passwall
   483 | D:1      | Reached XP level 3. HP: 20/20 MP: 6/6
   500 | D:1      | Learned a level 3 spell: Stone Arrow
   967 | D:2      | Reached skill level 1 in Ranged Weapons
  1384 | D:2      | Reached XP level 4. HP: 24/24 MP: 2/7
  1808 | D:3      | Killed from afar by a shadow imp

Illustrated notes

Levels and vault maps discovered:
D:1:      dpeg_arrival_rooms_c, layout_rooms
D:2:      layout_loops_corners
D:3:      layout_basic, lemuel_doored_altar, minmay_misc_feat_five

Skill      XL: |  1  2  3 |
---------------+----------+-----
Earth Magic    | 4 |  4.8
Ranged Weapons | 1 |  1.8
Fighting       | |  0.6
Dodging        | |  1.6
Stealth        | |  2.2
Spellcasting   | |  2.5
Transmutations | |  0.7

Action                     |  1- 3 |  4- 6 || total
---------------------------+-------+-------++-------
   Fire: Sling             |    34 |     8 ||    42
   Cast: Sandblast         |    39 |    16 ||    55
         Stone Arrow       |     1 |       ||     1
    Use: Scroll            |     6 |       ||     6
 Armour: Robe              |     1 |     1 ||     2
  Dodge: Dodged            |       |     4 ||     4

Table legend: (Time is in decaauts)
 A = Elapsed time spent in this place.
 B = Non-inter-level travel time spent in this place.
 C = Inter-level travel time spent in this place.
 D = Time resting spent in this place.
 E = Time spent auto-exploring this place.
 F = Levels seen in this place.
 G = Mean time per level.
                   A        B        C        D        E       F      G
               +--------+--------+--------+--------+--------+-----+--------+
         Total |   1849 |   1801 |     48 |    153 |   1381 |   3 |  616.3 |
       Dungeon |   1849 |   1801 |     48 |    153 |   1381 |   3 |  616.3 |
               +--------+--------+--------+--------+--------+-----+--------+

Top non-repeatable levels by time:
     D:2: 1022 daAuts
     D:1: 706 daAuts
     D:3: 120 daAuts
